[Event "*** Titled Tuesday Blitz"]
[Site "Chess.com"]
[Date "2020.04.21"]
[Round "1"]
[White "cholzan"]
[Black "MisiekZielony"]
[Result "1-0"]
[WhiteElo "2505"]
[BlackElo "2042"]
[TimeControl "180+1"]
[EndTime "10:07:02 PDT"]
[Termination "cholzan won by resignation"]

1. d4 d5 2. c4 c6 3. Nf3 Nf6 4. e3 g6 5. b3 Bg7 6. Bb2 O-O 7. Nbd2 b6 8. Be2 Bb7 9. O-O Nbd7 10. Rc1 c5 11. Qc2 Qb8 12. Qb1 Rc8 13. Qa1 e6 14. cxd5 Nxd5 15. dxc5 Bxb2 16. Qxb2 Nxc5 17. Ng5 h6 18. Nge4 Nxe4 19. Nxe4 f5 20. Nf6+ Kf7 21.
Nd7 Qd6 22. Ne5+ Kg8 23. Nxg6 Kh7 24. Bh5 Rg8 25. Nh4 Qe7 26. Ng6 Rxg6 27. Bxg6+ Kxg6 28. Qe5 Rd8 29. Rfd1 Rd7 30. e4 Nf6 31. Rxd7 Nxd7 32. exf5+ Kf7 33. fxe6+ Qxe6 34. Qh5+ Ke7 35. Qh4+ Kf7 36.
Qf4+ Ke7 37. h3 Bd5 38. Qd2 1-0

[Event "*** Titled Tuesday Blitz"]
[Site "Chess.com"]
[Date "2020.04.21"]
[Round "1"]
[White "FrogMist"]
[Black "KNVB"]
[Result "1-0"]
[WhiteElo "2427"]
[BlackElo "2771"]
[TimeControl "180+1"]
[EndTime "10:07:04 PDT"]
[Termination "FrogMist won on time"]

1. e4 c5 2. Nf3 e6 3. d4 cxd4 4.
Nxd4 Nc6 5. Nc3 Qc7 6. Be3 a6 7. Qf3 b5 8. Qg3 Qxg3 9. hxg3 Bb7 10. f3 Rc8 11. O-O-O Bc5 12. Bg1 Nxd4 13. Bxd4 Bxd4 14. Rxd4 Ne7 15. g4 Nc6 16. Rd2 f6 17. Be2 Ke7 18.
Rhd1 Rhd8 19. f4 h6 20. Rh1 Na5 21. Bf3 Nc4 22. Rd3 b4 23. Ne2 a5 24. b3 Na3 25. c4 d5 26. exd5 exd5 27. Nd4 Kf8 28. Ne6+ Ke7 29. Nxd8 Rxd8 30. Re1+ Kf8 31. Bxd5 Bc8 32.
f5 a4 33. Rde3 axb3 34. axb3 Bd7 35. Re7 Be8 36. Ra7 h5 37. Ree7 hxg4 38. Rxg7 1-0

[Event "*** Titled Tuesday Blitz"]
[Site "Chess.com"]
[Date "2020.04.21"]
[Round "1"]
[White "Teidi96"]
[Black "velemajstor767276"]
[Result "1-0"]
[WhiteElo "2185"]
[BlackElo "2536"]
[TimeControl "180+1"]
[EndTime "10:07:04 PDT"]
[Termination "Teidi96 won by checkmate"]

1. e4 c5 2. Nf3 Nc6 3. c3 Nf6 4. e5 Nd5 5. d4 cxd4 6. cxd4 e6 7. Bc4 d6 8. O-O Be7 9. Qe2 O-O 10. Rd1 Bd7 11. a3 Rc8 12. Bd3 Re8 13. Qe4 g6 14. g3 dxe5 15. dxe5 a6 16. h4 b5 17. h5 Bf8 18. hxg6 hxg6 19. Kg2 Nce7 20. Bg5 Bc6 21.
Qh4 Bg7 22. Rh1 Ne3+ 23. Bxe3 Qxd3 24. Qh7+ Kf8 25. Nd2 Bd5 26. Bh6 Nf5 27. Bxg7+ Nxg7 28. Qh8+ Ke7 29. Qxg7 Qxd2 30. Qf6+ Kd7 31. Rad1 Qe2 32. Rxd5+ exd5 33. Qd6# 1-0

[Event "*** Titled Tuesday Blitz"]
[Site "Chess.com"]
[Date "2020.04.21"]
[Round "1"]
[White "Sanan_Sjugirov"]
[Black "dey2580"]
[Result "0-1"]
[WhiteElo "2841"]
[BlackElo "2473"]
[TimeControl "180+1"]
[EndTime "10:07:05 PDT"]
[Termination "dey2580 won by resignation"]

1. e4 c5 2. Nf3 e6 3. d3 Nc6 4. g3 d5 5. Qe2 Nge7 6. Bg2 b6 7.
O-O Bb7 8. Rd1 h6 9. b3 Rc8 10. Bb2 d4 11. Nbd2 b5 12. a4 a6 13. axb5 axb5 14.
c3 Ng6 15. h4 Be7 16. h5 Nge5 17. Nxe5 Nxe5 18. cxd4 cxd4 19. f4 Nc6 20. e5 O-O 21.
Ne4 Nb4 22. Nf6+ Bxf6 23. Bxb7 Rc2 24. Rd2 Rxd2 25. Qxd2 Be7 26. Be4 Qb6 27. Rc1 Rd8 28.
Qf2 Qa7 29. f5 Bg5 30. fxe6 Be3 0-1

[Event "*** Titled Tuesday Blitz"]
[Site "Chess.com"]
[Date "2020.04.21"]
[Round "1"]
[White "adiosabu"]
[Black "Igor_Lysyj"]
[Result "0-1"]
[WhiteElo "2426"]
[BlackElo "2806"]
[TimeControl "180+1"]
[EndTime "10:07:05 PDT"]
[Termination "Igor_Lysyj won by checkmate"]

1. e4 e5 2. Nf3 Nc6 3. Bb5 a6 4.
Ba4 Nf6 5. d3 Bc5 6. c4 O-O 7.
O-O d6 8. h3 Nd4 9. Nc3 c6 10.
Nxd4 Bxd4 11. Be3 Qb6 12. Qd2 Be6 13. Rae1 Bxe3 14. fxe3 Nd7 15. Bd1 Rae8 16. Bg4 Bxg4 17. hxg4 Qd8 18. Qf2 g6 19. Qg3 Qg5 20. Rf3 Nf6 21.
Qh3 Nxg4 22. Rg3 h5 23. Nd1 Kg7 24. Nf2 Nxf2 25. Kxf2 Qf6+ 26. Kg1 Rh8 27. Rf1 Qe6 28. Qh4 f6 29. Rgf3 Ref8 30. b4 Rf7 31. Rg3 b5 32.
Rf5 bxc4 33. Rxh5 Rxh5 34. Qxh5 f5 35. dxc4 f4 36. exf4 exf4 37. Rg5 Qxe4 38. Qg4 Kf6 39. Ra5 Qe1+ 40. Kh2 Rh7+ 41. Qh3 Rxh3+ 42. Kxh3 Qg3# 0-1

[Event "*** Titled Tuesday Blitz"]
[Site "Chess.com"]
[Date "2020.04.21"]
[Round "1"]
[White "RichardWe"]
[Black "igorkovalenko"]
[Result "0-1"]
[WhiteElo "2450"]
[BlackElo "2869"]
[TimeControl "180+1"]
[EndTime "10:07:06 PDT"]
[Termination "igorkovalenko won by resignation"]

1. d4 Nf6 2. c4 e6 3. Nf3 b6 4. a3 Ba6 5. e3 d5 6. b3 Bd6 7.
Bb2 O-O 8. Nbd2 Bb7 9. Bd3 Nbd7 10. O-O Ne4 11. Qc2 f5 12. Ne5 Bxe5 13. dxe5 Nxd2 14. Qxd2 Nc5 15. Qc2 Nxd3 16. Qxd3 dxc4 17. Qxc4 Qd5 18. Qxd5 Bxd5 19. b4 c5 20. Rfc1 Rfc8 21. f3 a5 22. bxc5 bxc5 23. Bc3 a4 24. Rab1 Bb3 25. Rb2 Rd8 26.
Rd2 Rxd2 27. Bxd2 Rc8 28. Kf2 Kf7 29. h3 Rd8 30. Ke2 c4 31. Bb4 Rd5 32. Bd6 g5 33. e4 Rd4 34. exf5 exf5 35. g4 f4 36. Bb4 Ke6 37. Bc3 Rd3 38. Kf2 Bd1 39. Bb4 Rxf3+ 40. Kg2 Rg3+ 41. Kh2 Bb3 42. h4 h6 43. h5 Rxg4 44. Bf8 Rh4+ 45. Kg2 Rxh5 0-1

[Event "*** Titled Tuesday Blitz"]
[Site "Chess.com"]
[Date "2020.04.21"]
[Round "1"]
[White "smshk35"]
[Black "HaryKane"]
[Result "0-1"]
[WhiteElo "2335"]
[BlackElo "2660"]
[TimeControl "180+1"]
[EndTime "10:07:06 PDT"]
[Termination "HaryKane won by resignation"]

1. e4 e6 2. d4 d5 3. Nc3 Nf6 4. Bg5 Be7 5. e5 Nfd7 6. h4 h6 7. Bxe7 Qxe7 8. Qg4 O-O 9. O-O-O c5 10. f4 cxd4 11. Nb5 Nc6 12. Nxd4 Nxd4 13. Rxd4 f6 14.
Nf3 f5 15. Qh3 Nc5 16. Bd3 Bd7 17. g4 fxg4 18. Qxg4 Rac8 19. h5 Nxd3+ 20. Rxd3 Bb5 21. Rd2 Qf7 22. Rg1 Rc7 23. Nd4 Bd7 24. Rf1 Kh8 25.
Rg2 Rc4 26. c3 b5 27. Qg6 b4 28. Qxf7 Rxf7 29. f5 bxc3 30. bxc3 Rxc3+ 31. Rc2 Rxc2+ 32. Kxc2 Rf8 33. fxe6 Ba4+ 34. Kc3 Rxf1 35. e7 Rf7 36. Nc6 Bxc6 0-1

[Event "*** Titled Tuesday Blitz"]
[Site "Chess.com"]
[Date "2020.04.21"]
[Round "1"]
[White "KetiTsatsalashvili"]
[Black "AliKa2810"]
[Result "0-1"]
[WhiteElo "2224"]
[BlackElo "2577"]
[TimeControl "180+1"]
[EndTime "10:07:06 PDT"]
[Termination "AliKa2810 won by resignation"]

1. Nf3 Nf6 2. d4 d5 3. Bf4 e6 4. e3 c5 5. c3 Nc6 6. Bd3 Bd6 7. Bg3 O-O 8. O-O b6 9. Nbd2 Bb7 10. Ne5 Ne7 11. f4 Nf5 12. Bf2 Be7 13. Qc2 Nd6 14. Bh4 Nfe4 15. Bxe7 Qxe7 16. Nxe4 Nxe4 17. Rad1 f6 18. Nf3 Rac8 19. Qe2 Rfd8 20. Nd2 a5 21. Ba6 Nd6 22. Bxb7 Qxb7 23. Rde1 b5 24. dxc5 Rxc5 25. Nb3 Rc7 26. Nxa5 Qa7 27. Nb3 e5 28. fxe5 fxe5 29. Qh5 Re7 30. a3 Nc4 31. Qe2 h6 32. Rf3 Rd6 33.
Ref1 Rg6 34. Qd3 Kh7 35. Kh1 e4 36. Qxd5 exf3 37. Qxf3 Qxe3 38. Qf8 Qe2 39. Rg1 Qxg2+ 40. Rxg2 Re1+ 0-1

[Event "*** Titled Tuesday Blitz"]
[Site "Chess.com"]
[Date "2020.04.21"]
[Round "1"]
[White "bait_or_mate"]
[Black "anushanlv"]
[Result "0-1"]
[WhiteElo "2540"]
[BlackElo "2200"]
[TimeControl "180+1"]
[EndTime "10:07:06 PDT"]
[Termination "anushanlv won on time"]

1. d4 d5 2. c4 c6 3. cxd5 cxd5 4. Bf4 Nc6 5. Nc3 Nf6 6. e3 a6 7. Bd3 Bg4 8. Nge2 e6 9. O-O Be7 10. Rc1 O-O 11. f3 Bh5 12. Na4 Nd7 13. a3 Bg6 14. Bg3 e5 15. Bxg6 hxg6 16. Qd2 Bf6 17. Rfd1 exd4 18. Nxd4 Nxd4 19. exd4 Re8 20. Nc5 Nxc5 21.
dxc5 d4 22. Rc4 Qd5 23. b3 Rac8 24. Qc2 Red8 25. Rd3 Qf5 26. Bf2 Rd5 27. b4 Rcd8 28. a4 Rc8 29. Qd1 a5 30. b5 Rcxc5 31. Rxc5 Rxc5 32. g3 Rc3 33. Rxc3 dxc3 34. Be3 c2 35. Qd2 Qxf3 36. Qc1 Bb2 0-1

[Event "*** Titled Tuesday Blitz"]
[Site "Chess.com"]
[Date "2020.04.21"]
[Round "1"]
[White "Anurag328"]
[Black "Irishchessman16"]
[Result "1/2-1/2"]
[WhiteElo "2704"]
[BlackElo "2385"]
[TimeControl "180+1"]
[EndTime "10:07:07 PDT"]
[Termination "Game drawn by agreement"]

1. e3 d5 2. Nf3 Nf6 3. b3 g6 4.
Bb2 Bg7 5. Be2 O-O 6. O-O c5 7. c4 dxc4 8. bxc4 Nc6 9. Nc3 b6 10. Ne1 Bb7 11. Bf3 Qd7 12. d4 cxd4 13. exd4 Rfd8 14.
Nc2 Rac8 15. Bxc6 Qxc6 16. Ne3 Bh6 17. d5 Qc5 18. Re1 Ba6 19. Qa4 Bxc4 20. Nxc4 Qxc4 21. Qxc4 Rxc4 22. Rxe7 Bf8 23. Rxa7 Nxd5 24. Nxd5 Rxd5 25. Ra8 Ra5 26. Rxa5 bxa5 27. Rc1 Rxc1+ 28. Bxc1 Bc5 29. a4 Kf8 30. Kf1 Ke7 31. Bd2 Bb6 32. Ke2 Ke6 33. Kd3 Kd5 34. f3 f5 35. Bc3 Bc7 36. Bd2 Kc5 37.
h3 Kd5 38. Bc3 Bb6 39. Bd2 1/2-1/2

[Event "*** Titled Tuesday Blitz"]
[Site "Chess.com"]
[Date "2020.04.21"]
[Round "1"]
[White "kinga2008"]
[Black "Tashik"]
[Result "1/2-1/2"]
[WhiteElo "2192"]
[BlackElo "2547"]
[TimeControl "180+1"]
[EndTime "10:07:07 PDT"]
[Termination "Game drawn by repetition"]

1. e4 e5 2. Nf3 Nc6 3. d4 exd4 4. Bc4 Nf6 5. O-O Nxe4 6. Re1 d5 7. Bxd5 Qxd5 8. Nc3 Qa5 9. Nxe4 Be6 10. Neg5 O-O-O 11. Nxe6 fxe6 12. Rxe6 Bd6 13. Bd2 Qd5 14. Qe2 Qh5 15. h3 Rhe8 16. Rxe8 Rxe8 17. Qd3 Ne5 18. Nxe5 Qxe5 19.
g3 Qf6 20. Re1 Rxe1+ 21. Bxe1 g6 22. c3 Bc5 23. Qb5 Qe5 24. Kf1 a6 25. Qc4 b5 26.
cxd4 Bxd4 27. Qg8+ Kb7 28. Qxh7 Qe4 29. Bc3 Qh1+ 30.
Ke2 Qe4+ 31. Kf1 Qh1+ 32. Ke2 Qe4+ 33. Kf1 1/2-1/2

[Event "*** Titled Tuesday Blitz"]
[Site "Chess.com"]
[Date "2020.04.21"]
[Round "1"]
[White "LogoCzar"]
[Black "Khamrakulov_Djurabek"]
[Result "1-0"]
[WhiteElo "2452"]
[BlackElo "2819"]
[TimeControl "180+1"]
[EndTime "10:07:08 PDT"]
[Termination "LogoCzar won by resignation"]

1. e4 c6 2. d4 d5 3. e5 Bf5 4.
h4 h6 5. g4 Be4 6. f3 Bh7 7. e6 Qd6 8. exf7+ Kxf7 9. f4 Nf6 10.
Nf3 Nxg4 11. h5 Qe6+ 12. Ne5+ Nxe5 13. fxe5 Ke8 14. Nc3 Na6 15. Qf3 Nb4 16. Rh2 Nxc2+ 17. Rxc2 Bxc2 18. Bh3 Be4 19. Nxe4 dxe4 20. Qg2 Qf7 21.
Be3 Qxh5 22. Bg4 Qf7 23. Kd2 h5 24. Bh3 c5 25. Rf1 Qxa2 26. Qg6+ Kd8 27. Qxe4 Qxb2+ 28. Ke1 cxd4 29. Qd5+ Kc7 30. Qd7+ Kb6 31. Bxd4+ Qxd4 32. Qxd4+ Ka6 33. Qc4+ Kb6 34. Rf3 a6 35. Rb3+ Ka7 36. Qc5+ Kb8 37. Qc8+ 1-0

[Event "*** Titled Tuesday Blitz"]
[Site "Chess.com"]
[Date "2020.04.21"]
[Round "1"]
[White "MilanovicDan"]
[Black "Jospem"]
[Result "0-1"]
[WhiteElo "2433"]
[BlackElo "2824"]
[TimeControl "180+1"]
[EndTime "10:07:08 PDT"]
[Termination "Jospem won on time"]

1. d4 Nf6 2. c4 e6 3. Nc3 Bb4 4.
e3 O-O 5. Bd3 b6 6. Ne2 Bb7 7.
O-O c5 8. d5 d6 9. e4 Nbd7 10. f4 a6 11. Bd2 exd5 12. exd5 b5 13. b3 bxc4 14. bxc4 Re8 15. h3 a5 16. a3 Bxc3 17.
Nxc3 Ba6 18. Rb1 Nb6 19. Nb5 Bxb5 20. Rxb5 Nbd7 21. Qf3 a4 22. g4 h6 23. h4 Nh7 24.
g5 Nhf8 25. Qg4 g6 26. h5 hxg5 27. hxg6 Nxg6 28. Bxg6 fxg6 29. Rb7 Re7 30. Bc3 Rb8 31. Rxb8 Qxb8 32. Qxg5 Qe8 33. Rf2 Nf8 34. Qf6 Rh7 35. Qxd6 Qe3 36. Qe5 Qg3+ 37. Rg2 Qd3 38. f5 Qd1+ 39.
Kf2 Qc2+ 0-1

[Event "*** Titled Tuesday Blitz"]
[Site "Chess.com"]
[Date "2020.04.21"]
[Round "1"]
[White "Muracle"]
[Black "Roenko_Artur"]
[Result "1-0"]
[WhiteElo "2598"]
[BlackElo "2248"]
[TimeControl "180+1"]
[EndTime "10:07:08 PDT"]
[Termination "Muracle won by resignation"]

1. e4 e6 2. d4 d5 3. Nd2 Nc6 4. Ngf3 Nf6 5. e5 Nd7 6. c3 f6 7. exf6 Qxf6 8. Bd3 e5 9. dxe5 Ndxe5 10. Nxe5 Nxe5 11. Be2 Bd6 12. Nf3 O-O 13. Qxd5+ Be6 14.
Qe4 Rae8 15. Be3 c6 16. Nxe5 Bxe5 17. Bc4 Bxc3+ 18. Kf1 Bxb2 19. Rb1 Bxc4+ 20. Qxc4+ Kh8 21. Qd3 c5 22. Bxc5 Bc3 23. Bxf8 Rxf8 24. f3 Bd4 25. Re1 Bb6 26. g3 Qb2 27. Qe2 Qb4 28. Kg2 Qa3 29.
Rhf1 h6 30. Qe7 Qb2+ 31. Re2 Qf6 32. Qxf6 Rxf6 33. f4 Rc6 34. Rf3 Rc3 35. Rxc3 1-0

[Event "*** Titled Tuesday Blitz"]
[Site "Chess.com"]
[Date "2020.04.21"]
[Round "1"]
[White "Zkid"]
[Black "Blitzking642"]
[Result "1-0"]
[WhiteElo "2799"]
[BlackElo "2418"]
[TimeControl "180+1"]
[EndTime "10:07:10 PDT"]
[Termination "Zkid won on time"]

1. e4 c5 2. Nf3 Nc6 3. Bb5 g6 4. Bxc6 dxc6 5. h3 Bg7 6. d3 e5 7. Nc3 Qe7 8. a4 b6 9. a5 Rb8 10. axb6 axb6 11. Be3 Nf6 12. Qd2 Nd7 13. Bh6 O-O 14.
O-O Rd8 15. Ra7 Rb7 16. Ra8 Rb8 17. Rxb8 Nxb8 18. Bxg7 Kxg7 19. Ra1 Qd6 20. Nd1 c4 21. Ne3 cxd3 22. cxd3 b5 23. Qc3 f6 24. Nc2 Qxd3 25. Qxd3 Rxd3 26. Ra8 Bxh3 27. Rxb8 Bg4 28. Rb7+ Kh6 29.
Ne3 Bxf3 30. gxf3 Rb3 31. Rf7 Rxb2 32. Rxf6 Rb1+ 33. Kg2 Rc1 34. Rf7 b4 35. Rb7 c5 36. Ng4+ Kg5 37. Nxe5 Kf6 38. f4 Re1 39. Nd7+ Ke7 40. e5 c4 41. Nc5+ Kd8 42. Rxb4 c3 43. Rc4 1-0

[Event "*** Titled Tuesday Blitz"]
[Site "Chess.com"]
[Date "2020.04.21"]
[Round "1"]
[White "VinzentSpitzl"]
[Black "Gordima"]
[Result "0-1"]
[WhiteElo "2369"]
[BlackElo "2706"]
[TimeControl "180+1"]
[EndTime "10:07:10 PDT"]
[Termination "Gordima won by resignation"]

1. e4 e5 2. Nf3 Nc6 3. Bb5 Nf6 4. O-O Nxe4 5. d4 Nd6 6. Bxc6 dxc6 7. dxe5 Nf5 8.
Qxd8+ Kxd8 9. h3 h5 10. Nc3 Be7 11. b3 Be6 12. Bb2 Kc8 13. Ne2 Bd5 14. Nfd4 Nxd4 15. Nxd4 Bc5 16. c4 Bxd4 17. Bxd4 Be6 18. f3 a5 19. a4 h4 20. Kf2 b6 21. Ke3 Bf5 22. Ra2 Kb7 23. Rd2 Rae8 24. Kf4 Bg6 25. Bc3 Re7 26. Rfd1 Kc8 27. c5 Rhe8 28. Bd4 Kb7 29. Bc3 bxc5 30. Re1 Kb6 31. e6 Rxe6 32. Rxe6 Rxe6 33.
Bxg7 Rd6 34. Rxd6 cxd6 35. Bf6 Bc2 36. Bxh4 Bxb3 37. Be7 d5 38. h4 Bxa4 39. g4 Bc2 40. Ke3 a4 41. Kd2 Bh7 42. Kc3 d4+ 43. Kb2 c4 44.
Bf6 c5 45. f4 Kb5 46. f5 c3+ 47. Ka3 Kc4 48. Kxa4 d3 49. g5 d2 0-1

[Event "*** Titled Tuesday Blitz"]
[Site "Chess.com"]
[Date "2020.04.21"]
[Round "1"]
[White "zurzan"]
[Black "gammagramma"]
[Result "0-1"]
[WhiteElo "1991"]
[BlackElo "2500"]
[TimeControl "180+1"]
[EndTime "10:07:10 PDT"]
[Termination "gammagramma won by resignation"]

1. f4 d5 2. Nf3 Nd7 3. g3 g6 4.
Bg2 Bg7 5. O-O Ngf6 6. d3 b6 7. c3 Bb7 8. a4 a5 9. Na3 Nc5 10.
h3 O-O 11. Rb1 Qe8 12. b3 Nfd7 13. Bd2 e5 14. fxe5 Nxe5 15. Bf4 Nxf3+ 16. Bxf3 Ne6 17. Bd2 Qd7 18. Kh2 Rae8 19. Nb5 c6 20. Na3 h5 21.
Nc2 c5 22. d4 cxd4 23. Nxd4 Nxd4 24. cxd4 h4 25. Bf4 hxg3+ 26. Bxg3 Re6 27. Rc1 Rc8 28. Qd2 Ba6 29. Rxc8+ Qxc8 30. Re1 Qe8 31. Bxd5 Rxe2+ 32. Rxe2 Qxe2+ 33. Qxe2 Bxe2 34. Bc7 Bxd4 35. Kg3 Kg7 36. Kf4 f6 37. Ke4 Bc5 38. h4 Bd1 39. Bc4 Kh6 40.
Bd8 f5+ 41. Kf4 Kh5 42. Bf7 Bf2 43. Ke5 Bxh4 44. Bxb6 Be1 45. Kf6 Bc3+ 46. Ke6 Bxb3+ 47. Ke7 Bxf7 48. Kxf7 g5 49. Ke6 f4 50. Kf5 f3 51. Bf2 g4 52. Kf4 Bb4 53. Ke3 Bc5+ 0-1

[Event "*** Titled Tuesday Blitz"]
[Site "Chess.com"]
[Date "2020.04.21"]
[Round "1"]
[White "Munkhzul_Turmunkh"]
[Black "Sharpchess22"]
[Result "1/2-1/2"]
[WhiteElo "2410"]
[BlackElo "2747"]
[TimeControl "180+1"]
[EndTime "10:07:11 PDT"]
[Termination "Game drawn by repetition"]

1. e4 e5 2. Nf3 Nc6 3. Bb5 Nf6 4. O-O Nxe4 5. d4 Nd6 6. Bxc6 dxc6 7. dxe5 Nf5 8.
Qxd8+ Kxd8 9. Nc3 Ke8 10. h3 Ne7 11. Be3 Ng6 12. Rfd1 Bb4 13. Ne2 b6 14. c3 Be7 15. Nf4 Nxf4 16. Bxf4 c5 17. Bg5 Bb7 18. Bxe7 Bxf3 19. gxf3 Kxe7 20. Rd2 Rhd8 21. Rad1 Rxd2 22. Rxd2 Ke6 23. f4 Rf8 24. Kg2 f6 25. Re2 Rd8 26. Kg3 Rd3+ 27. f3 f5 28. Kf2 a5 29. Re3 Rd1 30. Re1 Rd2+ 31. Re2 Rd7 32. h4 g6 33. Re1 Rd2+ 34. Re2 Rd5 35. Re1 a4 36. a3 c4 37. Ke2 Rb5 38. Rb1 h6 39. Ke3 Rd5 40. Rg1 Kf7 41. Ke2 Rb5 42. Rb1 g5 43. hxg5 hxg5 44. Ke3 gxf4+ 45. Kxf4 Ke6 46. Rh1 Rxe5 47.
Rh6+ Kd5 48. Rh7 Re2 49. Rxc7 Rxb2 50. Kxf5 Rb3 51. f4 Rxc3 52. Rd7+ Kc6 53. Rd8 Rxa3 54. Ke4 Ra1 55. f5 c3 56. Rc8+ Kb5 57. Rxc3 Rh1 58. f6 Rh8 59. f7 Rf8 60. Rf3 Kb4 61. Kd3 Kb3 62. Kd2+ Ka2 63. Kc2 b5 64. Rf4 Rc8+ 65.
Kd1 Rf8 66. Kc2 Ka3 67. Rf3+ Ka2 68. Rf4 1/2-1/2

[Event "*** Titled Tuesday Blitz"]
[Site "Chess.com"]
[Date "2020.04.21"]
[Round "1"]
[White "mjray79"]
[Black "anon132639"]
[Result "0-1"]
[WhiteElo "2277"]
[BlackElo "2610"]
[TimeControl "180+1"]
[EndTime "10:07:11 PDT"]
[Termination "anon132639 won by checkmate"]

1. d4 Nf6 2. c4 g6 3. Nc3 Bg7 4. e4 O-O 5. Nge2 d6 6. Ng3 e5 7.
d5 a5 8. Be2 Na6 9. h4 h5 10.
Bg5 Nc5 11. Bxh5 gxh5 12. Nxh5 Kh8 13. Qf3 Bg4 14. Qxf6 Bxh5 15. Qxd8 Raxd8 16. Bxd8 Rxd8 17. f3 f6 18. g4 Bf7 19. O-O-O Kh7 20. g5 Bh5 21.
Rdf1 Nd3+ 22. Kc2 Nf4 23. Nb5 Rd7 24. Nc3 Kg6 25. gxf6 Bxf6 26. Kd2 Kh6 27. Ne2 Rg7 28. Nxf4 exf4 29. Rf2 Bd4 30. Rff1 Bg6 31. Rh2 Bh5 32.
a3 Bxb2 33. Rb1 Bd4 34. Ke2 b6 35. Rd1 Be3 36. Rb1 Rg3 37. Rf1 Bc5 38. a4 Be8 39. Ra1 Bd4 40. Rd1 Be3 41. Ra1 Bh5 42. Rf1 Kg7 43. Rhh1 Kf6 44. Rh2 Ke5 45. Kd3 Bxf3 46. Rxf3 Rxf3 47. Ke2 Rg3 48. h5 Kxe4 49. h6 f3+ 50.
Kd1 Rg1+ 51. Kc2 Rg2+ 52. Rxg2 fxg2 53. h7 Bd4 54. Kb3 g1=Q 55. Ka3 Qa1+ 56. Kb3 Qb2# 0-1

[Event "*** Titled Tuesday Blitz"]
[Site "Chess.com"]
[Date "2020.04.21"]
[Round "1"]
[White "sganerdene"]
[Black "ajdemipopushi"]
[Result "0-1"]
[WhiteElo "2656"]
[BlackElo "2361"]
[TimeControl "180+1"]
[EndTime "10:07:12 PDT"]
[Termination "ajdemipopushi won by resignation"]

1. e4 c5 2. Nf3 g6 3. c3 d5 4. exd5 Qxd5 5. Bb5+ Bd7 6. Bxd7+ Nxd7 7. O-O Bg7 8. d4 Ngf6 9. Be3 cxd4 10. Bxd4 O-O 11. Re1 e6 12. Nbd2 Rfd8 13. Qc2 b6 14. a4 Rac8 15.
Rad1 Nc5 16. Nf1 Qc6 17. b3 h6 18. c4 a6 19. Qb2 Ne8 20. Bxg7 Nxg7 21. Qf6 Qc7 22.
Ne5 Rxd1 23. Rxd1 Nh5 24. Qf3 Qxe5 25. b4 Nxa4 26. Rd7 Nf6 27. Ra7 b5 28. c5 Nc3 29.
Rxa6 Ncd5 30. Ra7 Qe4 31. Qh3 Qxb4 32. Qxh6 Qxc5 33. Rb7 b4 34. h4 Qc6 35. Ra7 b3 36. h5 Nxh5 37. Qg5 Nhf6 0-1

[Event "*** Titled Tuesday Blitz"]
[Site "Chess.com"]
[Date "2020.04.21"]
[Round "1"]
[White "Gyapiking"]
[Black "FMJoseHerrera"]
[Result "1-0"]
[WhiteElo "2346"]
[BlackElo "2607"]
[TimeControl "180+1"]
[EndTime "10:07:12 PDT"]
[Termination "Gyapiking won on time"]

1. c4 Nf6 2. g3 g6 3. Bg2 d6 4.
Nc3 Bg7 5. e4 Nc6 6. Nge2 h5 7.
h3 Be6 8. d3 Qd7 9. Nd5 Ne5 10.
Nef4 O-O 11. Nxe6 fxe6 12. Nf4 Kh7 13. O-O c6 14. d4 Nxc4 15. Qc2 e5 16. Nxg6 Kxg6 17.
Qxc4 exd4 18. Qxd4 e5 19. Qd1 Kh7 20. f4 exf4 21.
gxf4 Rae8 22. Qc2 Kh8 23. Bd2 Qf7 24. Rae1 Qg6 25. Kh1 h4 26. f5 Qh7 27. Bg5 Qh5 28.
Qc1 Nh7 29. Bf4 Be5 30. Bf3 Bxf4 31. Qxf4 Qg5 32. Qxd6 Qe7 33. Qxe7 Rxe7 34. Bg4 Re5 35. Kg2 Nf6 36. Kf3 Rd8 37. Kf4 Rde8 38. Bf3 Kg7 39. Rg1+ Kf7 40. Rg6 Nd5+ 41. Kg4 Nf6+ 42. Kxh4 Nxe4 43.
Bxe4 Rxe4+ 44. Rxe4 Rxe4+ 45. Kg5 Re2 46. Rd6 Ke7 47.
Re6+ Rxe6 48. fxe6 b5 49. h4 c5 50. h5 c4 51. h6 1-0

[Event "*** Titled Tuesday Blitz"]
[Site "Chess.com"]
[Date "2020.04.21"]
[Round "1"]
[White "GmSergioBarrientos"]
[Black "AcsinteMatei"]
[Result "1-0"]
[WhiteElo "2595"]
[BlackElo "2240"]
[TimeControl "180+1"]
[EndTime "10:07:12 PDT"]
[Termination "GmSergioBarrientos won by resignation"]

1. d4 d5 2. c4 c6 3. Nf3 Nf6 4. Nc3 a6 5. Qc2 Bg4 6. Ne5 Bh5 7. cxd5 Nxd5 8. Qb3 Ra7 9. e4 Nxc3 10. bxc3 Nd7 11. Bf4 e6 12. Bc4 Be7 13. a4 Bg6 14. Nxg6 hxg6 15.
O-O Nf6 16. Rfe1 Nh5 17. Be3 Bg5 18. a5 Bxe3 19. Rxe3 Qc7 20. g3 Nf6 21. Be2 Ra8 22.
Qb4 Nd7 23. Rb1 c5 24. Qxb7 Qxb7 25. Rxb7 Rc8 26. d5 c4 27. dxe6 fxe6 28. Bg4 Nc5 29.
Rxg7 Rd8 30. Rc7 Nb3 31. Bxe6 Nxa5 32. Bxc4 Nxc4 33. Rxc4 Ke7 34. Ra4 Rd2 35. Rf3 Ra8 36. e5 Ke6 37. Rf6+ Kxe5 38. Raxa6 Rb8 39. Rae6+ Kd5 40. Rd6+ Kc4 41. Rxd2 Kxc3 1-0

[Event "*** Titled Tuesday Blitz"]
[Site "Chess.com"]
[Date "2020.04.21"]
[Round "1"]
[White "HrvojeZagreb"]
[Black "Mikhail_Golubev"]
[Result "0-1"]
[WhiteElo "2136"]
[BlackElo "2533"]
[TimeControl "180+1"]
[EndTime "10:07:12 PDT"]
[Termination "Mikhail_Golubev won by checkmate"]

1. d4 Nf6 2. Bf4 d6 3. Nc3 Nbd7 4. Nf3 c5 5. e3 cxd4 6. exd4 g6 7. Qd2 Nb6 8. O-O-O Bg7 9. Bh6 O-O 10. h4 Bg4 11. h5 Bxh5 12. Rh4 Rc8 13. Qg5 Rxc3 14. Bxg7 Kxg7 15. bxc3 Na4 16. Rd3 Qb6 17. Kd2 Rc8 18. Qf4 Nxc3 19. g4 Nfe4+ 20. Ke3 Nd5+ 21. Kxe4 Nxf4 22. Kxf4 Rxc2 23. gxh5 Rxf2 24. hxg6 hxg6 25. Bh3 e5+ 26. Kg3 Rxa2 27. dxe5 Qf2+ 28. Kg4 Ra4+ 29. Kg5 Rxh4 30. Nxh4 dxe5 31. Rf3 Qg1+ 32. Bg2 Qd4 33. Rg3 Qf4# 0-1

[Event "*** Titled Tuesday Blitz"]
[Site "Chess.com"]
[Date "2020.04.21"]
[Round "1"]
[White "GMKrikor"]
[Black "fugadelafuga"]
[Result "1-0"]
[WhiteElo "2740"]
[BlackElo "2388"]
[TimeControl "180+1"]
[EndTime "10:07:13 PDT"]
[Termination "GMKrikor won by checkmate"]

1. Nf3 d5 2. c4 e6 3. e3 Nf6 4. b3 Be7 5. Bb2 O-O 6. Nc3 c5 7. cxd5 Nxd5 8. h4 b6 9. Qc2 Bb7 10. Ng5 Nf6 11. Bd3 h6 12. O-O-O Nc6 13. a3 Ne5 14.
Be2 Rc8 15. f4 Ned7 16. Kb1 e5 17. Bf3 Bxf3 18. gxf3 c4 19. b4 a5 20. Nce4 axb4 21.
axb4 Nxe4 22. Qxe4 Nf6 23. Qc2 Qd3 24. fxe5 Qxc2+ 25.
Kxc2 Nd5 26. Ne4 Nxb4+ 27. Kb1 Nd3 28. Bd4 b5 29. h5 Rfd8 30. Rhg1 Bc5 31. Nd6 Bxd4 32.
exd4 Ra8 33. Nf5 g6 34. hxg6 fxg6 35. Rxg6+ Kh7 36. Rdg1 Rd7 37. Rxh6# 1-0

[Event "*** Titled Tuesday Blitz"]
[Site "Chess.com"]
[Date "2020.04.21"]
[Round "1"]
[White "Nastya_Rakhmangulova"]
[Black "praveenb2002"]
[Result "0-1"]
[WhiteElo "2375"]
[BlackElo "2714"]
[TimeControl "180+1"]
[EndTime "10:07:13 PDT"]
[Termination "praveenb2002 won on time"]

1. e4 e5 2. Nf3 Nc6 3. c3 Nf6 4.
d4 Nxe4 5. d5 Ne7 6. Nxe5 d6 7.
Bb5+ c6 8. dxc6 bxc6 9. Nxc6 Qb6 10. Nd4+ Kd8 11. O-O Bb7 12. Na3 Rc8 13. Qg4 Nf6 14.
Qh3 a6 15. Ba4 Rc5 16. Re1 Ng6 17. Re8+ Kc7 18. Be3 Nxe8 19. Qd7+ Kb8 20. Qxe8+ Rc8 21. Qxf7 Qc7 22. Qb3 Ka8 23. Rd1 d5 24. Nab5 axb5 25.
Nxb5 Qa5 26. Qc2 Bc5 27. b4 Bxb4 28. Qb3 Bc5 29. Rb1 Bxe3 30. Nd6 Qb6 0-1

[Event "*** Titled Tuesday Blitz"]
[Site "Chess.com"]
[Date "2020.04.21"]
[Round "1"]
[White "Leo_C"]
[Black "vinniethepooh"]
[Result "0-1"]
[WhiteElo "2279"]
[BlackElo "2612"]
[TimeControl "180+1"]
[EndTime "10:07:13 PDT"]
[Termination "vinniethepooh won by resignation"]

1. d4 Nf6 2. c4 Nc6 3. Nf3 d6 4.
Nc3 g6 5. Bg5 Bg7 6. e3 O-O 7. h3 h6 8. Bh4 g5 9. Bg3 Bf5 10. Bd3 Bxd3 11. Qxd3 Nh5 12. Bh2 f5 13. O-O-O Qe8 14. d5 Nb4 15. Qd2 c5 16. Kb1 Qg6 17. Ka1 Nf6 18. a3 Na6 19. Qc2 Ne4 20. Nxe4 fxe4 21.
Ne1 b5 22. h4 Rfb8 23. hxg5 hxg5 24. f4 bxc4 25. Rb1 Rb6 26. Rf1 Rab8 27. Rf2 g4 28.
f5 Qf6 29. Qxe4 Rxb2 30. Rfxb2 Rxb2 31. Qe6+ Qxe6 32. fxe6 Rxg2+ 0-1